 Dungeon Crawl Stone Soup version 0.22-a0-605-g9281fa2 (webtiles) character file.

913 Laiders72 the Skirmisher (level 8, -5/65 HPs)
             Began as a Formicid Fighter on June 23, 2018.
             Was an Initiate of Okawaru.
             Killed by divine providence
             ... invoked by an orc priest
              (14 damage)
             ... on level 5 of the Dungeon on July 9, 2018.
             The game lasted 00:15:42 (3810 turns).

Laiders72 the Skirmisher (Formicid Fighter)         Turns: 3810, Time: 00:15:43

Health: -5/65      AC: 15    Str: 27    XL:     8   Next: 30%
Magic:  8/8        EV:  6    Int:  8    God:    Okawaru [......]
Gold:   146        SH: 11    Dex: 11    Spells: 7/7 levels left

rFire    . . .     SeeInvis +   a - +0 flail
rCold    . . .     Gourm    .   c - +0 shield
rNeg     . . .     Faith    .   k - +0 plate armour
rPois    +         Spirit   .   (helmet unavailable)
rElec    .         Reflect  .   p - +1 cloak {rPois}
rCorr    .         Harm     .   (no gloves)
MR       .....                  g - +0 pair of boots
Stlth    ..........             (no amulet)
HPRegen  0.20/turn              (no ring)
MPRegen  0.11/turn              v - ring of stealth

@: mighty, lethally poisoned (-5 -> -7)
A: permanent stasis, dig shafts and tunnels, four strong arms, antennae 3
a: Dig, Shaft Self, Renounce Religion


You were on level 5 of the Dungeon.
You worshipped Okawaru.
Okawaru was noncommittal.
You were not hungry.

You visited 2 branches of the dungeon, and saw 6 of its levels.

You collected 172 gold pieces.
You spent 26 gold pieces at shops.

Inventory:

Hand Weapons
 a - a +0 flail (weapon)
Missiles
 r - 2 tomahawks (quivered)
Armour
 c - a +0 shield (worn)
 g - a +0 pair of boots (worn)
 k - a +0 plate armour (worn)
 p - a +1 cloak of poison resistance (worn)
Jewellery
 v - a ring of stealth (right hand)
Wands
 u - a wand of polymorph (16)
Scrolls
 j - a scroll of amnesia {unknown}
 m - a scroll of identify
 o - a scroll of fog {unknown}
 s - a scroll of remove curse
Potions
 d - a potion of might
 e - a potion of degeneration {unknown}
 h - a potion of lignification {unknown}
 i - 2 potions of haste {unknown}
 l - a potion of brilliance {unknown}
 q - a potion of curing {unknown}
 t - a potion of cancellation {unknown}
 w - 2 potions of agility
Comestibles
 b - a chunk of flesh
 f - 4 rations


   Skills:
 * Level 6.4 Fighting
 * Level 5.5 Maces & Flails
 + Level 5.1 Armour
 + Level 5.7 Shields


You had 7 spell levels left.
You didn't know any spells.
Your spell library was empty.

Dungeon Overview and Level Annotations

Branches:
Dungeon (5/15)             Temple (1/1) D:4

Altars:
Ashenzari
Cheibriados
Dithmenos
Elyvilon
Fedhas
Gozag
Hepliaklqana
Kikubaaqudgha
Makhleb
Nemelex Xobeh
Okawaru
Qazlal
Sif Muna
Trog
Uskayaw
Vehumet
Wu Jian
Xom
Yredelemnul
Zin
The Shining One

Shops:
D:5 %=


Innate Abilities, Weirdness & Mutations

You cannot be hasted, slowed, berserked, paralysed or teleported.
You can dig through walls and to a lower floor.
Your four strong arms can wield two-handed weapons with a shield.
You have a pair of large antennae on your head. (SInv)


Message History

The adder moves out of view.
Found a leather armour.
Found an escape hatch in the ceiling.
A hound skeleton comes into view.
The leopard gecko hisses angrily.
The orc priest invokes the aid of Beogh against you.
Beogh smites you!
* * * LOW HITPOINT WARNING * * *
The leopard gecko bites you but does no damage.
Found 19 bolts and a scroll labeled KUFOAKHL QUWIC.
Found a stone staircase leading down.
You feel very mighty all of a sudden. The adder bites you.
* * * LOW HITPOINT WARNING * * *
You are poisoned.
The adder poisons you! You block the leopard gecko's attack.
The leopard gecko bites you but does no damage.
You block the adder's attack.
The orc priest calls down the wrath of Beogh upon you.
Beogh smites you!
You die...

{.o #.# .# #.# (.#$#
.#.# ..### #### #...#
....> #######$...
...<.<########o.o.(.o...
...[.Zl@lZ...o.#####{.##
(.....S##########..{..#
......# ###.#.#...
...... #..∩).###.
?.....# ####.#.### .
#####.# #......# #.#
#.###### #.######.#
###........#


You could see 2 orc priests, an adder, an adder zombie, 2 leopard geckos and a
hound skeleton.

Vanquished Creatures
  An ice beast (D:3)
  2 phantoms (D:4)
  3 scorpions (D:4)
  A howler monkey (D:4)
  A crimson imp (D:5)
  4 hounds
  2 orc priests
  An orc wizard (D:2)
  A centaur skeleton (D:4)
  A worker ant (D:4)
  8 adders
  An ooze (D:4)
  An adder skeleton (D:4)
  A worm (D:2)
  A dart slug (D:3)
  6 leopard geckos
  5 orcs
  2 ball pythons
  5 bats
  4 giant cockroaches
  11 goblins
  11 hobgoblins
  3 jackals (D:4)
  4 quokkas
  6 frilled lizards
  A giant cockroach zombie (D:4)
  A jackal skeleton (D:4)
  5 kobolds
  6 rats
99 creatures vanquished.

Notes
Turn   | Place    | Note
-------+----------+-------------------------------------------
     0 | D:1      | Laiders72 the Formicid Fighter began the quest for the Orb.
     0 | D:1      | Reached XP level 1. HP: 18/18 MP: 1/1
   329 | D:1      | Reached XP level 2. HP: 24/24 MP: 2/2
  1001 | D:2      | Reached XP level 3. HP: 29/29 MP: 3/3
  1287 | D:2      | Reached XP level 4. HP: 34/37 MP: 4/4
  1326 | D:2      | Reached skill level 4 in Fighting
  1774 | D:2      | Reached XP level 5. HP: 36/43 MP: 5/5
  1886 | D:3      | Found a shadowy altar of Dithmenos.
  2091 | D:3      | Noticed an ice beast
  2111 | D:3      | Killed an ice beast
  2111 | D:3      | Reached skill level 5 in Fighting
  2111 | D:3      | Reached XP level 6. HP: 51/51 MP: 6/6
  2599 | D:4      | Reached XP level 7. HP: 52/56 MP: 7/7
  2612 | D:4      | Reached skill level 5 in Shields
  3154 | D:4      | Found a hide-covered altar of Uskayaw.
  3154 | D:4      | Found a shattered altar of Ashenzari.
  3159 | D:4      | Found a glowing golden altar of the Shining One.
  3161 | D:4      | Found an opulent altar of Gozag.
  3163 | D:4      | Found a hazy altar of Hepliaklqana.
  3240 | D:4      | Upgraded the game from 0.22-a0-538-g76cc104 to 0.22-a0-558-gc224181
  3291 | D:4      | Reached skill level 6 in Fighting
  3291 | D:4      | Reached skill level 5 in Maces & Flails
  3329 | D:4      | Reached XP level 8. HP: 64/64 MP: 8/8
  3349 | D:4      | Upgraded the game from 0.22-a0-558-gc224181 to 0.22-a0-605-g9281fa2
  3392 | D:4      | Reached skill level 5 in Armour
  3404 | D:4      | Found a staircase to the Ecumenical Temple.
  3624 | Temple   | Entered the Ecumenical Temple
  3646 | Temple   | Became a worshipper of Warmaster Okawaru
  3700 | D:5      | Entered Level 5 of the Dungeon
  3700 | D:5      | Found Mohauhac's Food Boutique.
  3754 | D:5      | Found Plog's Jewellery Emporium.
  3767 | D:5      | Bought a cursed amulet of inaccuracy for 26 gold pieces
  3810 | D:5      | Killed from afar by an orc priest

Vault maps used:
D:1:      scummos_arrival_star, minmay_tromino_i2
D:2:      first_ration, minmay_goblin_outpost
D:3:      overflow_temple_1_default
D:4:      chequers_temple_overflow_minitemple, temple_hall
D:5:      serial_shops, nicolae_shop_crystal, shop, dk_noncrumbling_4
Temple:   minmay_freezing_vapour_temple

Skill      XL: |  1  2  3  4  5  6  7  8 |
---------------+-------------------------+-----
Shields        | 4 5 |  5.7
Fighting       | 4 5 6 |  6.4
Maces & Flails | 3 4 5 |  5.5
Armour         | 4 5 |  5.1

Action                   |  1- 3 |  4- 6 |  7- 9 || total
-------------------------+-------+-------+-------++-------
Melee: Flail             |    88 |   193 |   150 ||   431
  Use: Scroll            |       |       |     4 ||     4
       Potion            |       |       |     1 ||     1
  Eat: Chunk             |     1 |     5 |     4 ||    10
Armor: Scale mail        |    11 |       |       ||    11
       Chain mail        |    23 |       |       ||    23
       Plate armour      |    22 |   119 |   112 ||   253
Dodge: Dodged            |    25 |    27 |    22 ||    74
Block: Shield            |    74 |   112 |    89 ||   275

Table legend:
 A = Spawn XP
 B = Non-spawn XP
 C = Spawn XP percentage of total XP
 D = Spawn monster count
 E = Non-spawn monster count
 F = Spawn count percentage of total count
 G = Total turns spent on level
                    A         B        C        D         E        F      G
               +---------+---------+-------+---------+---------+-------+---------
         Total |       0 |    1305 |   0.0 |       0 |      99 |   0.0 |  3810
               +---------+---------+-------+---------+---------+-------+---------
           D:1 |       0 |      27 |   0.0 |       0 |      14 |   0.0 |   998
           D:2 |       0 |     189 |   0.0 |       0 |      34 |   0.0 |   849
           D:3 |       0 |     205 |   0.0 |       0 |      21 |   0.0 |   631
           D:4 |       0 |     748 |   0.0 |       0 |      25 |   0.0 |  1192
           D:5 |       0 |     136 |   0.0 |       0 |       5 |   0.0 |   110
               +---------+---------+-------+---------+---------+-------+---------
